 Dungeon Crawl Stone Soup version 0.20.0-15-g7f486f2 (webtiles) character file.

296 botchamania the Insei (level 6, -10/43 HPs)
             Began as a Demonspawn Transmuter on June 28, 2017.
             Was an Initiate of Okawaru.
             Mangled by an orc warrior
             ... wielding a +0 halberd
              (14 damage)
             ... on level 4 of the Dungeon.
             The game lasted 00:14:20 (5687 turns).

botchamania the Insei (Demonspawn Transmuter)       Turns: 5687, Time: 00:14:20

Health: -10/43     AC:  2    Str: 10    XL:     6   Next: 12%
Magic:  1/9        EV: 12    Int: 15    God:    Okawaru [......]
Gold:   197        SH:  8    Dex: 18    Spells: 3/9 levels left

rFire    + . .     SeeInvis .     - Unarmed
rCold    + . .     Gourm    .   n - +0 buckler
rNeg     . . .     Faith    .   i - +0 robe
rPois    .         Spirit   .   (no helmet)
rElec    .         Reflect  .   q - scarf {rC+ rF+}
rCorr    .         Harm     .   (no gloves)
MR       +....                  (no boots)
Stlth    ++........             (no amulet)
Regen    0.2/turn               o - ring of protection from magic
MPRegen  0.2/turn               p - +3 ring of dexterity

@: hasted, very quick
A: large bone plates 1, spiny 3
a: Renounce Religion


You were on level 4 of the Dungeon.
You worshipped Okawaru.
Okawaru was noncommittal.
You were very hungry.

You visited 1 branch of the dungeon, and saw 4 of its levels.

You collected 197 gold pieces.

Inventory:

Missiles
 a - 30 arrows
 d - 19 poisoned needles
 e - 60 stones (quivered)
Armour
 b - a +0 robe
 i - a +0 robe (worn)
 n - a +0 buckler (worn)
 q - a scarf of resistance (worn)
Jewellery
 o - a ring of protection from magic (left hand)
 p - a +3 ring of dexterity (right hand)
Scrolls
 f - a scroll of immolation
 g - 3 scrolls of amnesia
 m - 2 scrolls of remove curse
 t - a scroll of blinking {unknown}
 u - a scroll of enchant armour {unknown}
 y - a scroll of enchant weapon {unknown}
Potions
 k - a potion of resistance
 r - a potion of magic {unknown}
 v - 2 potions of haste
 x - a potion of mutation {unknown}
Books
 c - a book of Changes

   Spells                             Type                      Level
   a - Beastly Appendage              Transmutation                1
   b - Sticks to Snakes               Transmutation                2
   c - Spider Form                    Transmutation/Poison         3
   d - Ice Form                       Ice/Transmutation            4
   e - Blade Hands                    Transmutation                5
Comestibles
 j - 2 royal jellies
 l - 2 meat rations
 s - 2 bread rations


   Skills:
 - Level 1.0 Fighting
 - Level 1.7 Dodging
 + Level 4.7 Unarmed Combat
 - Level 2.0 Spellcasting
 + Level 4.4 Transmutations


You had 3 spell levels left.
You knew the following spells:

 Your Spells              Type           Power        Failure   Level  Hunger
a - Beastly Appendage     Tmut           ##....       6%          1    #......
b - Sticks to Snakes      Tmut           ##......     9%          2    ###....
c - Spider Form           Tmut/Pois      #.........   41%         3    ###....


Dungeon Overview and Level Annotations

Branches:
Dungeon (4/15)
 Temple: D:4-7

Altars:
Dithmenos
Okawaru
Trog


Innate Abilities, Weirdness & Mutations

You are partially covered in large bone plates. (SH +4)
You are completely covered in sharp spines.


Message History

Gang up on whom?
Press: ? - help, Dir - move target cursor, f/p - orc warrior
Aim: an orc warrior, wielding a halberd and wearing a chain mail (severely wounded, poisoned) Attack!
You swap places.
The orc warrior hits your ball python from afar with a halberd!!
Your ball python dies!
The orc warrior looks more healthy.
Casting: Sticks to Snakes
Confirm with . or Enter, or press ? or * to list all spells.
Okay, then.
The orc warrior hits you with a halberd!
* * * LOW HITPOINT WARNING * * *
Unknown command.
Unknown command.
You feel yourself speed up.
You hit the orc warrior but do no damage.
The orc warrior is almost dead.
The orc warrior hits you with a halberd!
You die...

#.# #.# #.....
#####.###.#####.#.
#...So(.(...[[)#..
#.###..#######.##.
#.# #..# #.### #.#
#..# #.# . #<#
#..# #.. #o# #..#
#.. #@# #..# #..#
#.# ##.# #..# #.#
#.# #.# #.. ###


You could see an orc warrior.

Vanquished Creatures
  A howler monkey (D:3)
  3 orc wizards
  2 gnolls (D:3)
  6 adders
  4 dart slugs
  3 worms
  A leopard gecko (D:2)
  10 orcs
  2 giant cockroaches
  4 goblins
  5 hobgoblins
  7 jackals
  A quokka (D:4)
  A ball python (D:1)
  5 bats
  6 frilled lizards
  7 kobolds
  6 rats
74 creatures vanquished.

Vanquished Creatures (collateral kills)
  An adder (D:2)
  A bat (D:2)
  A goblin (D:1)
3 creatures vanquished.

Grand Total: 77 creatures vanquished

Notes
Turn   | Place    | Note
-------+----------+-------------------------------------------
     0 | D:1      | botchamania the Demonspawn Transmuter began the quest for the Orb.
     0 | D:1      | Reached XP level 1. HP: 15/15 MP: 3/3
   266 | D:1      | Gained mutation: You are partially covered in large bone plates. (SH +4) [demonic ancestry]
   266 | D:1      | Reached XP level 2. HP: 7/21 MP: 3/5
   958 | D:1      | Learned a level 2 spell: Sticks to Snakes
  1280 | D:1      | Gained mutation: You are partially covered in sharp spines. [demonic ancestry]
  1280 | D:1      | Reached XP level 3. HP: 26/26 MP: 4/6
  2060 | D:2      | Learned a level 3 spell: Spider Form
  2074 | D:2      | Found an iron altar of Okawaru.
  2104 | D:2      | Became a worshipper of Warmaster Okawaru
  3183 | D:2      | Found a shadowy altar of Dithmenos.
  3188 | D:2      | Gained mutation: You are mostly covered in sharp spines. [demonic ancestry]
  3188 | D:2      | Reached XP level 4. HP: 31/32 MP: 7/7
  3729 | D:3      | Gained mutation: You are completely covered in sharp spines. [demonic ancestry]
  3729 | D:3      | Reached XP level 5. HP: 23/37 MP: 4/8
  4835 | D:4      | Noticed an orc warrior
  4852 | D:4      | Reached XP level 6. HP: 9/43 MP: 6/9
  5641 | D:4      | Found a bloodstained altar of Trog.
  5687 | D:4      | Mangled by an orc warrior

Skill      XL: |  1  2  3  4  5 |
---------------+----------------+-----
Transmutations | 2 3 4 |  4.4
Unarmed Combat | 3 4 |  4.7
Fighting       | |  1.0
Dodging        | |  1.7
Spellcasting   | |  2.0

Action                   |  1- 3 |  4- 6 || total
-------------------------+-------+-------++-------
Melee: Unarmed           |   104 |   115 ||   219
       Kick              |    12 |       ||    12
       Headbutt          |     3 |       ||     3
       Punch             |     1 |       ||     1
 Cast: Beastly Appendage |    20 |     1 ||    21
       Sticks to Snakes  |     5 |     3 ||     8
       Spider Form       |     1 |    12 ||    13
  Use: Potion            |     2 |     3 ||     5
       Scroll            |     7 |       ||     7
 Stab: Sleeping          |       |     2 ||     2
  Eat: Chunk             |     4 |     8 ||    12
       Bread ration      |     1 |       ||     1
Armor: Robe              |    19 |     1 ||    20
       Skin              |       |     1 ||     1
Dodge: Dodged            |    47 |    67 ||   114
Block: Other             |     8 |       ||     8
       Buckler           |    13 |    24 ||    37
